Unix NetHack Version 5.0.0-0 post-release - last build May 10 2026 23:12:36 (d1fa5d53e341ca933230fdaa984d921c805b60aa,branch:main).

Game began 2026-05-12 18:41:26, ended 2026-05-12 18:59:24.

DrabEmordnilap, neutral female gnomish Cavewoman

                              -------    ----------       ------     ---------
                              |.....|    |...)....|       |.....#####........|
                              |.....|    |.^......|       |...>|     |`).....|
                              |.....|    |........|     ##......###  |....[[.|
                              |.....|    |........|     # ------  ###-..[....|
                              |......####|.........######            |.......|
                              -----.-   #-........|                  -|-------
              ----------         ###     -----.----                   #
              |........-##       #            #                       ##
              |........| #       #            #                        #
              |........| #       #   ##########                        ###d#
              ---------- #     #######                                  ---@--
                         #  -----.----------                            |.dd.|
                         #  |.)............|                            |....|
                         #  |...........)...###                         |....|
                         ###...............|                            |...<|
                            |......`.......|                            |....|
                            ----------------                            ------

DrabEmordnilap the Aborigine  St:15 Dx:16 Co:18 In:9 Wi:7 Ch:10  Neutral
Dlvl:3  $:0  HP:0(33) Pw:13(13) AC:2  Xp:4 T:1620  Strained

Latest messages:
 You stagger under your heavy load.  Movement is very hard.
 Where do you want to travel to?
 (For instructions type a '?')
 You swap places with your little dog.
 The jackal bites!
 You miss the jackal.
 The jackal bites!
 The jackal misses!
 The jackal misses!
 The jackal bites!
 You miss the jackal.
 The jackal just misses!
 The jackal bites!
 The jackal just misses!
 You hear the footsteps of a guard on patrol.
 The jackal misses!
 You miss the jackal.
 The jackal misses!
 The jackal bites!
 The jackal misses!
 The jackal bites!
 You miss the jackal.
 The jackal bites!
 The jackal bites!
 The jackal bites!
 The jackal misses!
 You miss the jackal.
 The jackal bites!
 The jackal bites!
 You hear someone counting gold coins.
 The jackal bites!
 The jackal bites!
 The jackal bites!
 The jackal bites!
 The jackal misses!
 The jackal bites!
 You don't have enough stamina to move.
 The jackal bites!
 The jackal bites!
 The jackal bites!
 The jackal bites!
 You don't have enough stamina to move.
 The jackal misses!
 The jackal bites!
 You die...
 Do you want your possessions identified? [ynq] (y) y
 Do you want to see your attributes? [ynq] (y) y
 Do you want an account of creatures vanquished? [ynaq] (y) y
 Do you want to see your conduct and achievements? [ynq] (y) y
 Do you want to see the dungeon overview? [ynq] (y) y

Inventory:
 Amulets  ('"')
  I - a cursed amulet of reflection named cursed
 Weapons  (')')
  b - a +2 sling (alternate weapon; not wielded)
  o - a blessed +0 orcish dagger named uc
  a - a +1 club
  J - a blessed +1 quarterstaff named uc +1 (weapon in hands)
 Armor    ('[')
  q - an uncursed +0 orcish helm (being worn)
  L - an uncursed +0 cloak of magic resistance (being worn)
  e - an uncursed +0 leather armor (being worn)
 Comestibles  ('%')
  D - a cursed food ration
  E - a cursed fortune cookie
  F - an uncursed lembas wafer
  g - an uncursed egg
  f - an uncursed lichen corpse
 Rings    ('=')
  Y - a cursed ring of fire resistance named cursed
  X - an uncursed +4 ring of protection (on right hand)
 Wands    ('/')
  Z - a wand of teleportation (0:5)
 Tools    ('(')
  y - an uncursed unlocked chest containing 29 items
  d - an uncursed tooled horn
  C - an uncursed wooden harp
  x - an uncursed skeleton key
 Gems/Stones  ('*')
  c - 23 uncursed flint stones (in quiver pouch)

Contents of the chest:
  44 gold pieces
  12 +0 crossbow bolts
  47 +0 darts
  6 +0 shuriken
  a +0 elven dagger
  an uncursed +0 cloak of displacement
  an uncursed scroll of confuse monster
  a blessed scroll of destroy armor
  a cursed scroll of destroy armor
  an uncursed scroll of enchant armor
  2 cursed scrolls of enchant weapon
  an uncursed scroll of light
  a cursed scroll of light
  an uncursed scroll of teleportation
  an uncursed spellbook of confuse monster
  a cursed spellbook of force bolt
  a cursed spellbook of magic missile
  an uncursed spellbook of remove curse
  an uncursed spellbook of wizard lock
  an uncursed potion of gain level
  2 uncursed potions of healing
  an uncursed potion of invisibility
  a cursed potion of monster detection
  a potion of unholy water
  a cursed ring of protection from shape changers named cursed
  an empty cursed bag of holding named cursed
  a cursed crystal ball (0:7)
  a cursed magic marker (0:21)
  24 uncursed rocks

DrabEmordnilap the Cavewoman's attributes:

Background:
 You were an Aborigine, a level 4 gnomish Cavewoman.
 You were neutral, nominally on a mission for Ishtar
 who was opposed by Anu (lawful) and Anshar (chaotic).
 You were right-handed.
 You were in the Dungeons of Doom, on level 3.
 You entered the dungeon 1620 turns ago.
 You had 99 experience points, 61 more were needed to attain level 5.

Basics:
 You had 0 out of 33 hit points.
 You had all 13 energy points (spell power).
 Your armor class was 2.
 Your wallet was empty, but
 you had 44 zorkmids stashed away in your pack.
 Autopickup was off.

Final Characteristics:
 Your strength was 15 (limit:18/50).
 Your dexterity was 16 (limit:18).
 Your constitution was 18 (limit:18).
 Your intelligence was 9 (limit:19).
 Your wisdom was 7 (limit:18).
 Your charisma was 10 (limit:18).

Final Status:
 You weren't hungry.
 You were strained; movement was very slowed.
 You were wielding a quarterstaff.
 You were unskilled in quarterstaff.

Final Attributes:
 You were stridently aligned.
 You were magic-protected.
 You had infravision.
 You had a small defense bonus (+4).
 You were guarded.
 You are dead.

Miscellaneous:
 You encountered 1 bones level.
 Total elapsed playing time was 17 minutes and 54 seconds.

Major events:
 Turn
    1: DrabEmordnilap the neutral gnomish Cavewoman entered the dungeon
  327: attained the rank of Aborigine (level 3)
  878: entered the Gnomish Mines
 1620: killed by a jackal

You didn't know any spells.

Skills:
 Fighting Skills
   bare handed combat [Basic]
 Weapon Skills
   dagger             [Unskilled]
   knife              [Unskilled]
   axe                [Unskilled]
   pick-axe           [Unskilled]
   club               [Basic]
   mace               [Unskilled]
   morning star       [Unskilled]
   flail              [Unskilled]
   hammer             [Unskilled]
   quarterstaff       [Unskilled]
   polearms           [Unskilled]
   spear              [Unskilled]
   trident            [Unskilled]
   bow                [Unskilled]
   sling              [Basic]
   boomerang          [Unskilled]
   unicorn horn       [Unskilled]
 Spellcasting Skills
   attack spells      [Unskilled]
   matter spells      [Unskilled]

Voluntary challenges:
 Character rerolling was not enabled.
 You were an atheist.
 You never genocided any monsters.
 You never polymorphed an object.
 You never changed form.
 You used no wishes.
Achievements:
 You attained the rank of Aborigine.
 You entered the Gnomish Mines.

 The Dungeons of Doom: levels 1 to 3
    Level 1:
       A sink.
    Level 2:
       Many fountains.
    Level 3: <- You were here.
       Stairs down to The Gnomish Mines.
       Final resting place for
          you, killed by a jackal.
 The Gnomish Mines:
    Level 4:
       A grave.
       Final resting place for
          Snaker3-Wiz-Elf-Mal-Cha, killed by a crossbow bolt.


Vanquished creatures:
  a ghost
  a gnome leader
  a little dog
  a kitten
  a dwarf zombie
  a wererat
  a werejackal
 an acid blob
  2 coyotes
  a gnome
  a gnome zombie
  3 geckos
  6 jackals
  a kobold
  6 goblins
  a sewer rat
  3 grid bugs
  4 lichens
  5 newts
41 creatures vanquished.

No species were genocided or became extinct.

Game over:
                       ----------
                      /          \
                     /    REST    \
                    /      IN      \
                   /     PEACE      \
                  /                  \
                  |  DrabEmordnilap  |
                  |      44 Au       |
                  |   killed by a    |
                  |      jackal      |
                  |                  |
                  |                  |
                  |       2026       |
                 *|     *  *  *      | *
        _________)/\\_//(\/(/\)/\//\/|_)_______

Goodbye DrabEmordnilap the Cavewoman...

You died in The Dungeons of Doom on dungeon level 3 with 586 points,
and 44 pieces of gold, after 1620 moves.
You were level 4 with a maximum of 33 hit points when you died.

